 Dungeon Crawl Stone Soup version 0.26-a0-639-g72c4674329 (webtiles) character file.

Game seed: 17752194042831415965

38 Lanoc the Skirmisher (level 3, 0/37 HPs)
             Began as a Draconian Wanderer on Sept 18, 2020.
             Succumbed to an adder's poison
             ... on level 2 of the Dungeon.
             The game lasted 00:01:15 (345 turns).

Lanoc the Skirmisher (Draconian Wanderer)            Turns: 345, Time: 00:01:16

Health: 0/37       AC:  5    Str: 13    XL:     3   Next: 25%
Magic:  3/3        EV:  9    Int: 11    God:
Gold:   0          SH:  7    Dex: 13    Spells: 2/2 levels left

rFire    . . .     SeeInvis .   b - +0 mace
rCold    . . .     Faith    .   d - +0 kite shield
rNeg     . . .     Spirit   .   (armour unavailable)
rPois    .         Reflect  .   (helmet restricted)
rElec    .         Harm     .   (no cloak)
rCorr    .         Rampage  .   (no gloves)
MR       .....                  (no boots)
Stlth    +.........             (no amulet)
HPRegen  0.12/turn              (no ring)
MPRegen  0.08/turn              (no ring)

@: mighty, lethally poisoned (0 -> -6)
A: unfitting armour, cold-blooded, AC +5
a: no special abilities


You were on level 2 of the Dungeon.
You visited 1 branch of the dungeon, and saw 2 of its levels.

Inventory:

Hand Weapons
 a - a +0 hand crossbow
 b - a +0 mace (weapon)
Missiles
 c - 22 bolts
Armour
 d - a +0 kite shield (worn)
Jewellery
 e - a +6 ring of dexterity {unknown}
Scrolls
 f - a scroll of teleportation {unknown}


   Skills:
 + Level 5.8 Fighting
 + Level 3.5 Maces & Flails
 - Level 1.0 Throwing
 + Level 1.3 Dodging
 - Level 1.0 Shields


You had 2 spell levels left.
You didn't know any spells.
Your spell library was empty.

Dungeon Overview and Level Annotations

Branches:
Dungeon (2/15)

Altars:


Innate Abilities, Weirdness & Mutations

Your plain brown scales are hard. (AC +5)
You cannot fit into any form of body armour.
You are cold-blooded and may be slowed by cold attacks.


Message History

* * * LOW HITPOINT WARNING * * *
You feel sick.
Things that are here:
3 bolts; a worm corpse
* * * LOW HITPOINT WARNING * * *
You feel sick.
A leopard gecko comes into view.
* * * LOW HITPOINT WARNING * * *
You feel sick.
The leopard gecko moves out of view.
* * * LOW HITPOINT WARNING * * *
You feel sick.
The leopard gecko hisses angrily.
A dart slug comes into view.
You miss the leopard gecko.
Your tail-slap misses the leopard gecko.
* * * LOW HITPOINT WARNING * * *
You feel sick. You block the leopard gecko's attack.
You miss the leopard gecko. You tail-slap the leopard gecko.
You kill the leopard gecko!
You die...

#w..# ## ##...# #.).....#
.###..##...# .
P....PP....>.########..
#..PP..≈≈..P.P............
#..P♣≈≈≈≈≈♣...............
#.P.≈≈≈≈≈≈≈≈P.@...........
#..≈≈≈≈≈≈≈≈≈≈†...........#
#P≈≈≈≈≈≈≈≈≈≈.#.##########
#..≈≈≈≈≈≈≈P..#..(........
#...≈≈≈≈≈....############
#....≈≈≈....P...<.......
#......≈≈.....##########
#.......≈.....#
#......P..P...#


You could see a dart slug.

Vanquished Creatures
  3 adders (D:2)
  A worm (D:2)
  A leopard gecko (D:2)
  A giant cockroach (D:2)
  A hobgoblin (D:1)
  A kobold (D:1)
  A bat (D:1)
9 creatures vanquished.

Vanquished Creatures (others)
  2 plants (D:2)
2 creatures vanquished.

Grand Total: 11 creatures vanquished

Notes
Turn   | Place    | Note
-------+----------+-------------------------------------------
     0 | D:1      | Lanoc the Draconian Wanderer began the quest for the Orb.
     0 | D:1      | Lanoc set off with the following items: a +0 hand crossbow,
                  | a +0 kite shield, 25 bolts, a +0 mace
     0 | D:1      | Reached XP level 1. HP: 23/23 MP: 1/1
   209 | D:2      | Reached XP level 2. HP: 24/30 MP: 2/2
   332 | D:2      | Reached skill level 1 in Dodging
   336 | D:2      | Reached XP level 3. HP: 8/37 MP: 3/3
   342 | D:2      | HP: 1/37 [poisoned by an adder]
   345 | D:2      | Succumbed to an adder's poison

Illustrated notes

Levels and vault maps discovered:
D:1:      saegor_arrival_simple_b, layout_loops_ring
D:2:      layout_basic, guppyfry_early_lair_pool

Skill      XL: |  1  2 |
---------------+-------+-----
Dodging        | 1 |  1.3
Fighting       | |  5.8
Maces & Flails | |  3.5
Throwing       | |  1.0
Shields        | |  1.0

Action                   || total
-------------------------++-------
Melee: Mace              ||    33
       Tailslap          ||     2
 Fire: Hand crossbow     ||     4
  Use: Potion            ||     1
Armor: Skin              ||     9
Dodge: Dodged            ||    12
Block: Kite shield       ||    19

Table legend: (Time is in decaauts)
 A = Elapsed time spent in this place.
 B = Non-inter-level travel time spent in this place.
 C = Inter-level travel time spent in this place.
 D = Time resting spent in this place.
 E = Time spent auto-exploring this place.
 F = Levels seen in this place.
 G = Mean time per level.
                   A        B        C        D        E       F      G
               +--------+--------+--------+--------+--------+-----+--------+
         Total |    357 |    352 |      5 |      0 |    258 |   2 |  178.5 |
       Dungeon |    357 |    352 |      5 |      0 |    258 |   2 |  178.5 |
               +--------+--------+--------+--------+--------+-----+--------+

Top non-repeatable levels by time:
     D:1: 199 daAuts
     D:2: 158 daAuts
